 Dungeon Crawl Stone Soup version 0.21-a0-283-g622b906 (webtiles) character file.

3763 nikopol the Thaumaturge (level 9, -8/47 HPs)
             Began as a Deep Elf Fire Elementalist on Sept 24, 2017.
             Was an Elder of Sif Muna.
             Hit by a large rock thrown by a cyclops (29 damage)
             ... on level 8 of the Dungeon.
             The game lasted 00:28:44 (8184 turns).

nikopol the Thaumaturge (DEFE)                      Turns: 8184, Time: 00:28:45

Health: -8/47      AC:  5    Str:  5    XL:     9   Next: 94%
Magic:  15/25      EV: 14    Int: 24    God:    Sif Muna [****..]
Gold:   364        SH:  0    Dex: 15    Spells: 18/29 levels left

rFire    + . .     SeeInvis .   E - +7 dagger of Ruwo {pierce, +Blink rPois MR+}
rCold    x . .     Gourm    .   (no shield)
rNeg     . . .     Faith    .   a - +0 robe
rPois    +         Spirit   .   (no helmet)
rElec    .         Reflect  .   (no cloak)
rCorr    .         Harm     .   v - +1 pair of gloves
MR       +....                  m - +0 pair of boots
Stlth    +++.......             (no amulet)
HPRegen  0.15/turn              z - ring of fire
MPRegen  0.19/turn              (no ring)

@: no status effects
A: no striking features
a: Divine Energy, Channel Magic, Forget Spell, Renounce Religion, Evoke Blink


You were on level 8 of the Dungeon.
You worshipped Sif Muna.
Sif Muna was greatly pleased with you.
You were very hungry.

You visited 1 branch of the dungeon, and saw 8 of its levels.

You collected 364 gold pieces.

Inventory:

Hand Weapons
 d - a +1 dagger
 B - a +1 falchion of draining
 E - the +7 dagger of Ruwo (weapon) {pierce, +Blink rPois MR+}
   (You found it on level 6 of the Dungeon)

   It inflicts extra damage upon your enemies.
   It protects you from poison.
   It affects your resistance to hostile enchantments.
   It lets you blink.
Armour
 a - a +0 robe (worn)
 m - a +0 pair of boots (worn)
 s - a +0 pair of gloves
 v - a +1 pair of gloves (worn)
Jewellery
 z - a ring of fire (left hand)
Wands
 j - a wand of polymorph (13/24)
 u - a wand of lightning (10/15)
 y - a wand of iceblast (6/15)
 A - a wand of iceblast (3/15)
 H - a wand of acid (12/15)
Scrolls
 i - 2 scrolls of amnesia {unknown}
 l - 5 scrolls of remove curse
 n - a scroll of fog {unknown}
 p - 3 scrolls of recharging
 q - 3 scrolls of enchant weapon
 t - a scroll of teleportation
 D - a scroll of enchant armour {unknown}
 I - 2 scrolls of blinking {unknown}
Potions
 e - a potion of might {unknown}
 f - 2 potions of curing {unknown}
 g - 2 potions of berserk rage {unknown}
 h - a potion of mutation {unknown}
 k - 2 potions of brilliance {unknown}
 o - 3 potions of flight
 r - 6 potions of degeneration
 w - a potion of ambrosia {unknown}
 F - a potion of heal wounds {unknown}
Books
 b - a book of Flames

   Spells                             Type                      Level
   a - Flame Tongue                   Conjuration/Fire             1
   b - Throw Flame                    Conjuration/Fire             2
   c - Conjure Flame                  Conjuration/Fire             3
   d - Inner Flame                    Hexes/Fire                   3
   e - Sticky Flame                   Conjuration/Fire             4
   f - Fireball                       Conjuration/Fire             5
Comestibles
 c - 6 bread rations
 x - 4 meat rations
 C - 2 fruits
 G - 2 royal jellies


   Skills:
 + Level 1.0 Fighting
 + Level 3.7 Dodging
 + Level 4.6 Stealth
 + Level 10.9 Spellcasting
 + Level 8.4 Conjurations
 + Level 9.3 Fire Magic


You had 18 spell levels left.
You knew the following spells:

 Your Spells              Type           Power        Failure   Level  Hunger
a - Flame Tongue          Conj/Fire      #####        1%          1    None
b - Throw Flame           Conj/Fire      ######       1%          2    None
c - Conjure Flame         Conj/Fire      ######..     1%          3    None
d - Fireball              Conj/Fire      ######....   3%          5    ####...


Dungeon Overview and Level Annotations

Branches:
Dungeon (8/15)             Temple (0/1) D:7
   Lair: D:8-11

Altars:
Ashenzari
Fedhas
Nemelex Xobeh
Okawaru
Qazlal
Ru
Sif Muna
Xom
The Shining One

Shops:
D:8 :


Message History

Casting: Conjure Flame
Confirm with . or Enter, or press ? or * to list all spells.
Aiming: Fireball
Press: ? - help, Shift-Dir - straight line, p - cyclops You feel a surge of power!
The fireball explodes!
The fireball engulfs the cyclops.
The cyclops is heavily wounded.
You are feeling very hungry.
You hear an angry hiss.
The cyclops throws a large rock.
The large rock hits you!
Casting: Fireball
Confirm with . or Enter, or press ? or * to list all spells.
Aiming: Fireball
Press: ? - help, Shift-Dir - straight line You feel a surge of power!
The fireball explodes!
The fireball engulfs the cyclops.
The cyclops is severely wounded.
The cyclops throws a large rock.
The large rock hits you!!
Ouch! That really hurt!
You die...

#.# #....#+##########
#.# #................
#.###................
#...'................
#####.<..#+##........
##....#....#####..
#.....####.#
#.#[#.####.##
#@#.#.#.....#
#.#.#.#)##..#
#.#.#.#..#..#
#.#...#...### #.#
#.##........#...#
#.C.....#.....#
###.##..C.....#.
####............##.
#......).....#...##.


You could see a cyclops.

Vanquished Creatures
  A two-headed ogre (D:8)
  An ugly thing (D:8)
  The ghost of nikopol the Magician, a novice DEFE of Sif Muna (D:4)
  A slime creature (D:8)
  A wyvern (D:8)
  Menkaure (D:4)
  2 ice beasts
  An orc warrior (D:7)
  3 phantoms
  2 ogres
  A centaur (D:5)
  3 bullfrogs (D:7)
  A wyvern zombie (D:8)
  A scorpion (D:6)
  4 howler monkeys
  A centaur zombie (D:6)
  A bullfrog skeleton (D:7)
  3 hounds
  A jelly (D:5)
  An orc priest (D:7)
  A centaur skeleton (D:6)
  4 iguanas
  2 worker ants (D:5)
  6 orc wizards
  A worker ant zombie (D:5)
  7 gnolls
  A howler monkey skeleton (D:2)
  6 adders
  2 shadow imps
  2 oozes
  An adder zombie (D:6)
  3 worms
  3 dart slugs
  6 leopard geckos
  21 orcs
  2 ball pythons
  10 bats
  7 giant cockroaches
  8 goblins
  6 hobgoblins
  6 jackals
  9 kobolds
  2 quokkas
  9 frilled lizards
  A jackal zombie (D:5)
  12 rats
  6 fungi (D:8)
175 creatures vanquished.

Vanquished Creatures (others)
  5 dream sheep (D:3)
5 creatures vanquished.

Grand Total: 180 creatures vanquished

Notes
Turn   | Place    | Note
-------+----------+-------------------------------------------
     0 | D:1      | nikopol the Deep Elf Fire Elementalist began the quest for the Orb.
     0 | D:1      | Reached XP level 1. HP: 10/10 MP: 6/6
   303 | D:1      | Reached XP level 2. HP: 12/15 MP: 4/8
   311 | D:1      | Learned a level 2 spell: Throw Flame
   602 | D:1      | Reached XP level 3. HP: 19/19 MP: 4/9
   607 | D:1      | Learned a level 3 spell: Conjure Flame
   877 | D:2      | Found a sparkling altar of Nemelex Xobeh.
   879 | D:2      | Found a deep blue altar of Sif Muna.
   897 | D:2      | Became a worshipper of Sif Muna the Loreminder
   977 | D:2      | Reached XP level 4. HP: 23/24 MP: 2/11
  1219 | D:2      | Reached skill level 4 in Spellcasting
  1525 | D:2      | Noticed an ice beast
  1540 | D:2      | Killed an ice beast
  1540 | D:2      | Reached * piety under Sif Muna
  1540 | D:2      | Reached XP level 5. HP: 28/28 MP: 8/14
  1894 | D:3      | Found a shattered altar of Ashenzari.
  1958 | D:3      | Found a shimmering altar of Xom.
  1958 | D:3      | Noticed a dream sheep
  1958 | D:3      | Noticed a dream sheep
  1958 | D:3      | Noticed a dream sheep
  1958 | D:3      | Noticed a dream sheep
  1958 | D:3      | Noticed a dream sheep
  1963 | D:3      | Killed a dream sheep
  1963 | D:3      | Killed a dream sheep
  1963 | D:3      | Killed a dream sheep
  1964 | D:3      | Killed a dream sheep
  1964 | D:3      | Killed a dream sheep
  2077 | D:3      | Reached XP level 6. HP: 28/32 MP: 6/15
  2196 | D:3      | Reached skill level 5 in Fire Magic
  2222 | D:3      | Found a stormy altar of Qazlal.
  2306 | D:3      | Reached skill level 5 in Spellcasting
  2563 | D:4      | Noticed Menkaure
  3203 | D:4      | Noticed nikopol's ghost (novice DEFE)
  3227 | D:4      | Killed nikopol's ghost
  3227 | D:4      | Reached ** piety under Sif Muna
  3227 | D:4      | Reached skill level 6 in Spellcasting
  3227 | D:4      | Reached XP level 7. HP: 29/37 MP: 1/18
  3228 | D:4      | Killed Menkaure
  3720 | D:5      | Entered Level 5 of the Dungeon
  3733 | D:5      | Reached skill level 7 in Spellcasting
  3759 | D:5      | Reached skill level 5 in Conjurations
  4010 | D:5      | Reached XP level 8. HP: 42/42 MP: 13/21
  4166 | D:5      | Found an iron altar of Okawaru.
  4874 | D:6      | Reached skill level 8 in Spellcasting
  5000 | D:6      | Reached *** piety under Sif Muna
  5096 | D:6      | Found a sacrificial altar of Ru.
  5199 | D:6      | Got a faintly glowing dagger
  5200 | D:6      | Identified the +7 dagger of Ruwo {pierce, +Blink rPois MR+} (You found it on level 6 of the Dungeon)
  5865 | D:7      | Learned a level 5 spell: Fireball
  5870 | D:7      | Found a staircase to the Ecumenical Temple.
  6048 | D:7      | Reached skill level 1 in Fighting
  6048 | D:7      | Reached skill level 9 in Spellcasting
  6302 | D:7      | Reached XP level 9. HP: 47/47 MP: 4/24
  6999 | D:8      | Found Usinurph's Book Shoppe.
  7012 | D:8      | Found a blossoming altar of Fedhas.
  7167 | D:8      | Noticed a green ugly thing
  7170 | D:8      | Noticed a komodo dragon
  7171 | D:8      | Noticed a two-headed ogre
  7174 | D:8      | Killed a green ugly thing
  7174 | D:8      | Reached skill level 10 in Spellcasting
  7175 | D:8      | Noticed a cyclops
  7175 | D:8      | Reached **** piety under Sif Muna
  7765 | D:8      | Noticed a two-headed ogre
  7768 | D:8      | Killed a two-headed ogre
  7958 | D:8      | Found a glowing golden altar of the Shining One.
  8184 | D:8      | Hit by a large rock thrown by a cyclops

Vault maps used:
D:1:      dpeg_arrival_boxorama, minmay_stone_trees_small
D:2:      grunt_temple_overflow_open
D:3:      nicolae_ashenzari_panopticon, kb_xom_exploding_sheep,
          grunt_qazlal_clouds
D:4:      first_bread, minmay_lizard_king, uniq_menkaure
D:5:      old_standard_altar, minmay_statues_item
D:6:      nicolae_ru_awakened_eye
D:7:      minmay_temple_entry_crystal_x, grunt_ogre_cave
D:8:      minmay_the_grid_octo_2x2, serial_shops, shop_statue, fedhas_altar_3

Skill      XL: |  1  2  3  4  5  6  7  8  9 |
---------------+----------------------------+-----
Fire Magic     | 4 5 6 7 9 |  9.3
Stealth        | 3 4 |  4.6
Dodging        | 3 |  3.7
Spellcasting   | 4 6 7 9 10 | 10.9
Conjurations   | 2 3 4 5 6 8 |  8.4
Fighting       | 1 |  1.0

Action                   |  1- 3 |  4- 6 |  7- 9 || total
-------------------------+-------+-------+-------++-------
Melee: Dagger            |       |       |    48 ||    48
 Cast: Flame Tongue      |    64 |   136 |   205 ||   405
       Conjure Flame     |       |     3 |     7 ||    10
       Throw Flame       |       |     4 |    22 ||    26
       Fireball          |       |       |     7 ||     7
  Use: Scroll            |       |       |     8 ||     8
  Eat: Chunk             |       |     7 |    15 ||    22
Armor: Robe              |     4 |    10 |     5 ||    19
Dodge: Dodged            |    12 |    25 |    32 ||    69

Table legend:
 A = Spawn XP
 B = Non-spawn XP
 C = Spawn XP percentage of total XP
 D = Spawn monster count
 E = Non-spawn monster count
 F = Spawn count percentage of total count
 G = Total turns spent on level
                    A         B        C        D         E        F      G
               +---------+---------+-------+---------+---------+-------+---------
         Total |       0 |    5377 |   0.0 |       0 |     169 |   0.0 |  8184
               +---------+---------+-------+---------+---------+-------+---------
           D:1 |       0 |      53 |   0.0 |       0 |      31 |   0.0 |   871
           D:2 |       0 |     242 |   0.0 |       0 |      28 |   0.0 |   793
           D:3 |       0 |     190 |   0.0 |       0 |      33 |   0.0 |  1037
           D:4 |       0 |     666 |   0.0 |       0 |      16 |   0.0 |  1061
           D:5 |       0 |     724 |   0.0 |       0 |      17 |   0.0 |  1175
           D:6 |       0 |     381 |   0.0 |       0 |      12 |   0.0 |  1017
           D:7 |       0 |    1069 |   0.0 |       0 |      25 |   0.0 |  1552
           D:8 |       0 |    2052 |   0.0 |       0 |       7 |   0.0 |   678
               +---------+---------+-------+---------+---------+-------+---------
